 Dungeon Crawl Stone Soup version 0.27.1-16-g815e20cd7a (webtiles) character file.

Game seed: 4429059554376154287

81 sudelnuppe the Magician (level 4, -1/31 HPs)
             Began as a Djinni Ice Elementalist on Nov 21, 2021.
             Was a Believer of Lugonu.
             Slain by a gnoll (6 damage)
             ... on level 2 of the Dungeon.
             The game lasted 00:11:04 (2487 turns).

sudelnuppe the Magician (Djinni Ice Elementalist)   Turns: 2487, Time: 00:11:04

Health: -1/31      AC:  3    Str:  7    XL:     4   Next: 68%
Gold:   73         EV: 12    Int: 18    God:    Lugonu [**....] SH:  0 Dex: 13

rFire    + + .     SeeInvis +   (no weapon)
rCold    x . .     Faith    .   (no shield)
rNeg     . . .     Spirit   .   a - +0 robe
rPois    ∞         Reflect  .   (no helmet)
rElec    .         Harm     .   i - +0 cloak
rCorr    .         Rampage  .   (no gloves)
Will     .....                  (boots unavailable)
Stlth    ++........             (no amulet)
HPRegen  0.10/turn              b - ring of see invisible
MPRegen  0.00/turn              (no ring)

@: flying
A: sickness immunity, fire resistance 2, cold vulnerability 1, float, innate
caster, hp casting, extra vitality 1
a: Renounce Religion, Depart the Abyss, Bend Space


You were on level 2 of the Dungeon.
You worshipped Lugonu.
Lugonu was pleased with you.
You visited 1 branch of the dungeon, and saw 2 of its levels.

You collected 73 gold pieces.

Inventory:

Armour
 a - a +0 robe (worn)
 d - a +0 plate armour
 h - a +0 chain mail
 i - a +0 cloak (worn)
Jewellery
 b - a ring of see invisible (left hand)
Scrolls
 c - a scroll of enchant armour {unknown}
 e - a scroll of enchant weapon {unknown}
 f - 2 scrolls of fog {unknown}
 k - a scroll of identify {unknown}
Potions
 g - a potion of might {unknown}
 j - a potion of curing {unknown}


   Skills:
 + Level 0.2 Fighting
 * Level 2.4 Dodging
 + Level 1.5 Stealth
 * Level 4.4 Spellcasting


You couldn't memorise any spells.
You knew the following spells:

 Your Spells              Type           Power      Damage    Failure   Level
a - Freeze                Ice            80%        1d9       2%          1
b - Frozen Ramparts       Ice            40%        1d6       7%          3
c - Ozocubu's Armour      Ice            20%        N/A       7%          3
d - Hailstorm             Conj/Ice       20%        3d6       22%         4
e - Summon Small Mammal   Summ           80%        N/A       2%          1
Your spell library was empty.

Dungeon Overview and Level Annotations

Branches:
Dungeon (2/15)

Altars:
Lugonu

Shops:
D:1 (


Innate Abilities, Weirdness & Mutations

You are immune to sickness and miasma.
You are immune to poison.
Your flesh is very heat resistant. (rF++)
You are vulnerable to cold. (rC-)
You float through the air rather than walking.
You learn spells naturally, not from books.
Your magical power is your life essence.
You have superior vitality. (+4 HP)


Message History

The gnoll hits you from afar with a +0 spear.
Casting: Summon Small Mammal (safe; 2% risk of failure)
Confirm with . or Enter, or press ? or * to list all spells.
Your quokka disappears in a puff of smoke!
Your quokka completely misses the gnoll.
The gnoll hits you from afar with a +0 halberd!
Your quokka bites the gnoll. x2; The gnoll hits you but does no damage.
Casting: Summon Small Mammal (safe; 2% risk of failure)
Confirm with . or Enter, or press ? or * to list all spells.
Your rat disappears in a puff of smoke!
The gnoll closely misses you.
Your quokka bites the gnoll.
Your quokka barely misses the gnoll.
The gnoll hits you from afar with a +0 spear.
* * * LOW HITPOINT WARNING * * *
Your icy armour will break if you move.
Continue?
Your icy armour cracks and falls away as you move.
Your quokka bites the gnoll.
Your quokka barely misses the gnoll.
The gnoll barely misses your quokka.
Your quokka closely misses the gnoll.
Your quokka bites the gnoll.
The gnoll closely misses your quokka.
Your quokka closely misses the gnoll.
Your rat bites the gnoll.
The gnoll hits your quokka with a +0 spear!
Your quokka dies!
Your quokka's corpse disappears in a puff of smoke!
Your quokka bites the gnoll.
Your quokka barely misses the gnoll.
The gnoll closely misses your quokka. The gnoll closely misses you.
Your quokka closely misses the gnoll.
Your rat bites the gnoll but does no damage.
You are too injured to fight recklessly!
Casting: Summon Small Mammal (safe; 2% risk of failure)
Confirm with . or Enter, or press ? or * to list all spells.
Aiming: Freeze (safe; 2% risk of failure)
Press: ? - help, Shift-Dir - straight line, f - gnoll
Aim: a gnoll, wielding a +0 club You freeze the gnoll.
The gnoll is moderately wounded.
* * * LOW HITPOINT WARNING * * *
Your quokka barely misses the gnoll.
The gnoll barely misses your quokka. The gnoll hits you with a +0 club.
You die...

.....#.. ...
......##..♣
#........# #.......#
#### #...r...#
####).. #...g...#
#....## #..rgr#
##.#### ##.....#
#..# #..@g..## #.##
#.......#####..#####
#..............#....
##.....<.......#....
#......<..###.##'##
#####.....# #.#..._
#.....# #.#####
#.....# #......
#.....# #.#....


You could see 3 gnolls, 2 friendly quokkas and a friendly rat (summoned).

Vanquished Creatures
  3 adders (D:2)
  A worm (D:2)
  2 dart slugs (D:1)
  6 ball pythons
  6 endoplasms
  2 giant cockroaches (D:1)
  7 goblins
  2 jackals (D:2)
  2 quokkas (D:1)
  4 bats (D:1)
  3 frilled lizards (D:1)
  4 kobolds
  4 rats (D:1)
46 creatures vanquished.

Notes
Turn   | Place    | Note
-------+----------+-------------------------------------------
     0 | D:1      | sudelnuppe the Djinni Ice Elementalist began the quest for
                  | the Orb.
     0 | D:1      | Reached XP level 1. HP: 15/15 MP: 0/0
   296 | D:1      | Reached XP level 2. HP: 20/21 MP: 0/0
   653 | D:1      | Reached XP level 3. HP: 18/25 MP: 0/0
   653 | D:1      | Learned a level 1 spell: Summon Small Mammal
  1011 | D:1      | Found Quherhec's Antique Weapon Boutique.
  1139 | D:1      | Reached skill level 4 in Spellcasting
  2097 | D:2      | Reached XP level 4. HP: 23/31 MP: 0/0
  2387 | D:2      | Found a faded altar of an unknown god.
  2393 | D:2      | Became a worshipper of Lugonu the Unformed
  2393 | D:2      | Reached * piety under Lugonu
  2393 | D:2      | Reached ** piety under Lugonu
  2487 | D:2      | Slain by a gnoll

Illustrated notes

Levels and vault maps discovered:
D:1:      ebering_hopf_link, layout_loops_corners, serial_shops,
          nicolae_diamond_shop
D:2:      layout_rooms, serial_shops, nicolae_shop_trees,
          shapermc_ecumenical_altar_mp_vishouse, hangedman_abyss_or_decor_stabs,
          grunt_decor_resistance, hangedman_decor_riveting

Skill      XL: |  1  2  3 |
---------------+----------+-----
Spellcasting   | 4 |  4.4
Fighting       | |  0.2
Dodging        | |  2.4
Stealth        | |  1.5

Action                   |  1- 3 |  4- 6 || total
-------------------------+-------+-------++-------
Melee: Unarmed           |    24 |     3 ||    27
 Cast: Freeze            |    55 |    18 ||    73
       Summon Small Mamm |     5 |     6 ||    11
       Ozocubu's Armour  |     1 |     1 ||     2
 Stab: Sleeping          |     1 |       ||     1
Armor: Robe              |    16 |     4 ||    20
Dodge: Dodged            |    51 |    19 ||    70
